 Dungeon Crawl Stone Soup version 0.28-a0-796-gd4f0d3f9b2 (webtiles) character file.

Game seed: 9187343862429872737

5 Berzilk the Sneak (level 1, 0/13 HPs)
             Began as a Spriggan Enchanter on Nov 6, 2021.
             Slain by a bat (1 damage)
             ... on level 1 of the Dungeon.
             The game lasted 00:00:53 (542 turns).

Berzilk the Sneak (Spriggan Enchanter)               Turns: 542, Time: 00:00:54

Health: 0/13       AC: 20    Str:  4    XL:     1   Next: 66%
Magic:  5/5        EV:  4    Int: 16    God:
Gold:   6          SH:  0    Dex: 15    Spells: 6/6 levels left

rFire   . . .      SeeInvis +   a - +1 dagger
rCold   . . .      Faith    .   (shield restricted)
rNeg    . . .      Spirit   .   (armour currently unavailable)
rPois   +          Reflect  .   (helmet currently unavailable)
rElec   .          Harm     .   (cloak currently unavailable)
rCorr   .          Rampage  .   (gloves unavailable)
Will    .....      NoTele   +   (boots unavailable)
Stlth   +++.......              (no amulet)
HPRegen 0.04/turn               (no ring)
MPRegen 0.09/turn               (no ring)

@: tree-form, very slightly contaminated, invisible
A: stationary, stasis, torment immunity, boosted hp, very small, no large
weapons, unfitting armour, see invisible, (speed 3)
a: no special abilities


You were on level 1 of the Dungeon.
You were a tree.
You visited 1 branch of the dungeon, and saw 1 of its levels.

You collected 6 gold pieces.

Inventory:

Hand Weapons
 a - a +1 dagger (weapon)
Armour
 b - a +0 robe (melded)
Potions
 e - a potion of flight


   Skills:
 - Level 1.1 Short Blades
 - Level 2.6 Dodging
 - Level 4.4 Stealth
 + Level 3.0 Spellcasting
 + Level 3.9 Hexes


You had 6 spell levels left.
You didn't know any spells.
Your spell library contained the following spells:

 Spells                   Type           Power      Damage    Failure   Level
 Confusing Touch          Hex            14%        N/A       11%         3
 Tukima's Dance           Hex            14%        N/A       11%         3
 Ensorcelled Hibernation  Hex/Ice        16%        N/A       13%         2
 Dazzling Flash           Conj/Hex       16%        N/A       26%         3


Dungeon Overview and Level Annotations

Branches:
Dungeon (1/15)

Altars:


Innate Abilities, Weirdness & Mutations

You are a tree.
Your roots penetrate the ground, keeping you stationary.
You cannot be teleported.
You are immune to unholy pain and torment.
Your maximum health is greatly increased.
Your equipment is partially melded.
You are very small and have problems with some larger weapons.
You are too small for most types of armour.
You have supernaturally acute eyesight. (SInv)
((You cover ground extremely quickly. (Speed+++)))


Message History

The kobold completely misses you.
You are very lightly contaminated with residual magic.
Unknown command.
It was a potion of flight.
You feel very buoyant.
You fly up into the air.
The kobold closely misses you. The bat barely misses you.
The frilled lizard misses you.
It was a potion of lignification.
You turn into a tree.
Your +0 robe melds into your body.
Your roots penetrate the ground.
The bat hits you but does no damage. The kobold hits you but does no damage.
The frilled lizard barely misses you.
The hobgoblin shouts!
Unknown command.
You closely miss the kobold. The bat hits you but does no damage.
The hobgoblin hits you but does no damage.
The kobold hits you but does no damage. The frilled lizard barely misses you.
You barely miss the kobold. The bat hits you but does no damage.
The hobgoblin hits you but does no damage.
The kobold barely misses you.
You closely miss the kobold. The bat hits you but does no damage.
The bat barely misses you. The hobgoblin hits you.
* * * LOW HITPOINT WARNING * * *
The kobold hits you with a +0 whip.
* * * LOW HITPOINT WARNING * * *
The frilled lizard barely misses you.
You are too injured to fight recklessly!
You are too injured to fight recklessly!
Unknown command.
Unknown command.
You are too injured to fight recklessly!
Unknown command.
You are too injured to fight recklessly!
You catch the helpless hobgoblin completely off-guard!
You puncture the hobgoblin!
You kill the hobgoblin!
The bat barely misses you. The bat hits you but does no damage.
The kobold barely misses you. The frilled lizard barely misses you.
Your Spellcasting skill increases to level 3!
You barely miss the rat. The bat hits you.
You die...

#...# #...# .... #...
#..# #...#########..#
#.#........##..# #
###.##.......##).# .#
.....).......##..## ..#
###.###......##.Kb#.#.##
#.....#......# #♣lg.....
#.....##....## #r#:.....
#.....##....####........
.................(#.....
......##..........# ....
#.................# ...
###.................g (.
#######...........r. #
#..........###


You could see a goblin, a bat, a kobold, a frilled lizard and a rat.

Vanquished Creatures
  A bat (D:1)
  An endoplasm (D:1)
  A hobgoblin (D:1)
  A kobold (D:1)
4 creatures vanquished.

Notes
Turn   | Place    | Note
-------+----------+-------------------------------------------
     0 | D:1      | Berzilk the Spriggan Enchanter began the quest for the Orb.
     0 | D:1      | Reached XP level 1. HP: 9/9 MP: 5/5
   542 | D:1      | Slain by a bat

Illustrated notes

Levels and vault maps discovered:
D:1:      lemuel_arrival_lava_pool, layout_rooms, serial_shops,
          nicolae_shop_trees

Skill      XL: |  1 |
---------------+----+-----
Spellcasting   | 3 |  3.0
Short Blades   | |  1.1
Dodging        | |  2.6
Stealth        | |  4.4
Hexes          | |  3.9

Action                   || total
-------------------------++-------
Melee: Dagger            ||    28
  Use: Potion            ||     3
 Stab: Invisible         ||     1
Armor: Skin              ||     9
       Robe              ||     3
Dodge: Dodged            ||    42

Table legend: (Time is in decaauts)
 A = Elapsed time spent in this place.
 B = Non-inter-level travel time spent in this place.
 C = Inter-level travel time spent in this place.
 D = Time resting spent in this place.
 E = Time spent auto-exploring this place.
 F = Levels seen in this place.
 G = Mean time per level.
                   A        B        C        D        E       F      G
               +--------+--------+--------+--------+--------+-----+--------+
         Total |    493 |    493 |      0 |    134 |    289 |   1 |  493.0 |
       Dungeon |    493 |    493 |      0 |    134 |    289 |   1 |  493.0 |
               +--------+--------+--------+--------+--------+-----+--------+

Top non-repeatable levels by time:
     D:1: 493 daAuts
